 Dungeon Crawl Stone Soup version 0.27-a0-262-gc50aac273e (webtiles) character file.

Game seed: 12309762606143105429

1426 kae the Ruffian (level 8, -1/67 HPs)
             Began as a Red Draconian Transmuter on Feb 4, 2021.
             Was an Initiate of Ru.
             Slain by an orc warrior
             ... wielding a +0 mace
              (16 damage)
             ... on level 6 of the Dungeon.
             The game lasted 00:04:17 (8514 turns).

kae the Ruffian (Red Draconian Transmuter)          Turns: 8514, Time: 00:04:17

Health: -1/67      AC:  6    Str: 15    XL:     8   Next: 44%
Magic:  23/23      EV: 13    Int: 10    God:    Ru [......]
Gold:   276        SH:  0    Dex: 11    Spells: 7/15 levels left

rFire    + . .     SeeInvis .     - Unarmed
rCold    . . .     Faith    .   (no shield)
rNeg     . . .     Spirit   .   (armour unavailable)
rPois    .         Reflect  .   (helmet restricted)
rElec    .         Harm     .   (no cloak)
rCorr    .         Rampage  .   (no gloves)
Will     .....                  (no boots)
Stlth    +.........             n - amulet of magic regeneration
HPRegen  0.21/turn              p - ring of magical power
MPRegen  0.43/turn              d - -4 ring of intelligence (curse)

@: no status effects
A: breathe fire, unfitting armour, fire resistance 1, cold-blooded, AC +6
a: Breathe Fire, Renounce Religion


You were on level 6 of the Dungeon.
You worshipped Ru.
Ru was noncommittal.
You visited 2 branches of the dungeon, and saw 8 of its levels.

You collected 276 gold pieces.

Inventory:

Jewellery
 d - a cursed -4 ring of intelligence (right hand)
 n - an amulet of magic regeneration (around neck)
 p - a ring of magical power (left hand)
 t - an uncursed ring of resist corrosion {unknown}
Wands
 w - a wand of polymorph (11)
Scrolls
 a - 3 scrolls of amnesia
 c - 2 scrolls of identify
 f - 3 scrolls of teleportation
 j - a scroll of enchant armour
 k - 3 scrolls of blinking
 s - a scroll of fog
 v - a scroll of remove curse
Potions
 b - 2 potions of resistance
 e - 3 potions of lignification
 g - 3 potions of haste
 h - a potion of might
 i - 3 potions of curing
 l - 2 potions of ambrosia
 m - 3 potions of flight
 o - a potion of brilliance {unknown}
 q - 2 potions of mutation {unknown}
 r - 2 potions of heal wounds {unknown}
 u - a potion of degeneration {unknown}


   Skills:
 + Level 4.6 Fighting
 + Level 4.1 Dodging
 * Level 6.8 Unarmed Combat
 + Level 4.2 Spellcasting
 + Level 4.6 Transmutations


You had 7 spell levels left.
You knew the following spells:

 Your Spells              Type           Power        Failure   Level
a - Beastly Appendage     Tmut           22%          3%          1
b - Spider Form           Tmut/Pois      3%           28%         3
c - Ice Form              Ice/Tmut       6%           67%         4

Your spell library contained the following spells:

 Spells                   Type           Power        Failure   Level
 Wereblood                Tmut           11%          5%          2
 Blade Hands              Tmut           5%           71%         5


Dungeon Overview and Level Annotations

Branches:
Dungeon (7/15)             Temple (1/1) D:5

Altars:
Ashenzari
Cheibriados
Dithmenos
Elyvilon
Fedhas
Gozag
Hepliaklqana
Kikubaaqudgha
Makhleb
Qazlal
Ru
Trog
Uskayaw
Vehumet
Wu Jian
Xom
The Shining One

Shops:
D:4 (

Annotations:
D:6 2 transporters, psychodelta's ghost, novice MiFi


Innate Abilities, Weirdness & Mutations

You can breathe blasts of fire.
Your fiery red scales are hard. (AC +6)
You cannot fit into any form of body armour.
Your flesh is heat resistant. (rF+)
You are cold-blooded and may be slowed by cold attacks.


Message History

Items here: )) ††.
You bite the orc!
You kill the orc!
The orc hits you with a +0 dagger.
* * * LOW HITPOINT WARNING * * *
Things that are here:
a +0 club; an orc corpse You hit the orc.
The orc is heavily wounded.
The orc hits you with a +0 dagger.
* * * LOW HITPOINT WARNING * * *
You hit the orc.
You kill the orc!
Okay, then.
Really crawl into that dispersal trap?
You enter a dispersal trap!
You blink.
Your transformation has ended.
You start resting.
The orc warrior hits you with a +0 mace!
You die...

#...#
#.#.#############.
#.#.#
#.#...............
#...#
#.#.########.....#
#.### #.#.# ###.###.#
#.# #.#.# ##........
#.# #...# ##....##...
#.# #..## ##.....##..#
#.######
#..####.....<.#..#
#.[>)).#
#@...............#
######.#
##o####.......#..#
#.####.#.####.....##..#
#.o^..###..........(...
######.#>######.#######
##.........#
###########


You could see an orc warrior.

Vanquished Creatures
  Sigmund (D:5)
  An orc warrior (D:6)
  3 ogres
  2 centaurs
  A bullfrog (D:6)
  A scorpion (D:5)
  2 howler monkeys
  A hound (D:4)
  2 bullfrog skeletons
  A jelly (D:6)
  An iguana (D:4)
  5 orc wizards
  3 worker ants
  5 gnolls (D:5)
  9 adders
  An adder skeleton (D:5)
  A worm (D:2)
  3 dart slugs
  16 orcs
  13 bats
  5 giant cockroaches
  7 goblins
  9 hobgoblins
  3 quokkas
  A ball python (D:4)
  6 frilled lizards
  6 kobolds
  A leopard gecko zombie (D:5)
  6 rats
116 creatures vanquished.

Vanquished Creatures (others)
  A water moccasin zombie (D:5)
  2 gnolls (D:5)
  3 fungi (D:2)
  A plant (D:2)
7 creatures vanquished.

Grand Total: 123 creatures vanquished

Notes
Turn   | Place    | Note
-------+----------+-------------------------------------------
     0 | D:1      | kae the Draconian Transmuter began the quest for the Orb.
     0 | D:1      | Reached XP level 1. HP: 16/16 MP: 3/3
   226 | D:1      | Reached XP level 2. HP: 14/23 MP: 3/5
  1129 | D:2      | Reached XP level 3. HP: 29/29 MP: 6/6
  1135 | D:2      | Learned a level 3 spell: Spider Form
  1505 | D:2      | Found a blossoming altar of Fedhas.
  2093 | D:3      | Reached XP level 4. HP: 24/36 MP: 7/7
  3268 | D:4      | Reached skill level 4 in Unarmed Combat
  3268 | D:4      | Reached XP level 5. HP: 39/42 MP: 8/8
  3494 | D:4      | Noticed an ogre
  3503 | D:4      | Killed an ogre
  3511 | D:4      | Reached XP level 6. HP: 19/50 MP: 10/10
  3731 | D:4      | Found Wixacial's Weapon Emporium.
  4640 | D:4      | Learned a level 4 spell: Ice Form
  4658 | D:5      | Entered Level 5 of the Dungeon
  4911 | D:5      | Reached skill level 5 in Unarmed Combat
  5538 | D:5      | Your scales start taking on a fiery red colour.
  5538 | D:5      | Reached XP level 7. HP: 44/57 MP: 12/12
  5538 | D:5      | Gained mutation: Your flesh is heat resistant. (rF+) [Red
                  | Draconian growth]
  5797 | D:5      | Found a staircase to the Ecumenical Temple.
  5855 | D:5      | Found a radiant altar of Vehumet.
  5901 | D:5      | Found a hazy altar of Hepliaklqana.
  5965 | Temple   | Entered the Ecumenical Temple
  6036 | Temple   | Became a worshipper of Ru the Awakened
  6382 | D:5      | Found a stormy altar of Qazlal.
  6545 | D:5      | Noticed Sigmund
  6555 | D:5      | Killed Sigmund
  6975 | D:6      | Reached skill level 6 in Unarmed Combat
  6995 | D:6      | Reached XP level 8. HP: 40/66 MP: 13/13
  7907 | D:6      | Found a transporter.
  7912 | D:6      | Found a transporter.
  7912 | D:6      | Noticed psychodelta's ghost (novice MiFi)
  8514 | D:6      | Slain by an orc warrior

Illustrated notes

Levels and vault maps discovered:
D:1:      dpeg_arrival_boxes_within_box, layout_rooms
D:2:      layout_loops_ring, chequers_avenue, fedhas_altar_3
D:3:      layout_loops_ring
D:4:      layout_basic, minmay_shop_grid_forest
D:5:      layout_basic, grunt_qazlal_clouds, nicolae_overflow_hidden_temple,
          lemuel_temple_firewalk_b, uniq_sigmund
D:6:      layout_loops_ring, gammafunk_ghost_mausoleum, minmay_misc_feat_iff
D:7:      layout_basic, gammafunk_ghost_arena
Temple:   zaba_magenta_temple

Skill      XL: |  1  2  3  4  5  6  7  8 |
---------------+-------------------------+-----
Dodging        | 2 3 4 |  4.1
Fighting       | 2 3 4 |  4.6
Unarmed Combat | 4 5 6 |  6.8
Transmutations | 3 4 |  4.6
Spellcasting   | 3 4 |  4.2

Action                   |  1- 3 |  4- 6 |  7- 9 || total
-------------------------+-------+-------+-------++-------
Melee: Unarmed           |   117 |   144 |   119 ||   380
       Tailslap          |     8 |     6 |     6 ||    20
       Kick              |    12 |     6 |       ||    18
       Headbutt          |     9 |     3 |       ||    12
       Punch             |       |     1 |     2 ||     3
 Cast: Beastly Appendage |    21 |    15 |     1 ||    37
       Spider Form       |     1 |     8 |     9 ||    18
Invok: Reject Sacrifices |       |       |     1 ||     1
 Abil: Breathe Fire      |       |       |     5 ||     5
  Use: Scroll            |     4 |    11 |       ||    15
 Stab: Sleeping          |       |     2 |       ||     2
Armor: Skin              |    45 |    42 |    17 ||   104
Dodge: Dodged            |    82 |   125 |    88 ||   295

Table legend: (Time is in decaauts)
 A = Elapsed time spent in this place.
 B = Non-inter-level travel time spent in this place.
 C = Inter-level travel time spent in this place.
 D = Time resting spent in this place.
 E = Time spent auto-exploring this place.
 F = Levels seen in this place.
 G = Mean time per level.
                   A        B        C        D        E       F      G
               +--------+--------+--------+--------+--------+-----+--------+
         Total |   8488 |   8204 |    284 |   1071 |   6173 |   8 | 1061.0 |
       Dungeon |   8412 |   8133 |    279 |   1071 |   6119 |   7 | 1201.7 |
        Temple |     75 |     71 |      4 |      0 |     54 |   1 |   75.0 |
               +--------+--------+--------+--------+--------+-----+--------+

Top non-repeatable levels by time:
     D:5: 1980 daAuts
     D:4: 1840 daAuts
     D:6: 1348 daAuts
     D:1: 1164 daAuts
     D:2: 1112 daAuts
     D:3: 953 daAuts
  Temple: 75 daAuts
     D:7: 13 daAuts
